 Dungeon Crawl Stone Soup version 0.16.2-12-gd0ad4c3 (webtiles) character file.

49 musteatbrain the Conjurer (level 3, -3/26 HPs)
             Began as a Demonspawn Wizard on Sept 29, 2015.
             Killed from afar by Sigmund (11 damage)
             ... with a magic dart
             ... on level 2 of the Dungeon.
             The game lasted 00:07:05 (2377 turns).

musteatbrain the Conjurer (Demonspawn Wizard)       Turns: 2377, Time: 00:07:05

Health: -3/26      AC:  2    Str:  8    XL:     3   Next: 53%
Magic:  6/7        EV: 12    Int: 19    God:
Gold:   67         SH:  0    Dex: 11    Spells: 3 memorised, 3 levels left

rFire  . . .     SeeInvis .     o - +0 dagger
rCold  + . .     Clarity  .     a - +0 robe
rNeg   . . .     SustAb   .     (no shield)
rPois  .         Gourm    .     b - +0 hat
rElec  .         Spirit   .     (no cloak)
rCorr  .         Warding  .     (no gloves)
rMut   .         Stasis   .     (no boots)
MR     .....                    (no amulet)
Stlth  ++........               (no ring)
                                (no ring)

@: not resistant to hostile enchantments, unstealthy
A: claws 1, cold resistance 1
a: no special abilities


You were on level 2 of the Dungeon.
You were not hungry.

You visited 1 branch of the dungeon, and saw 2 of its levels.

You collected 67 gold pieces.

Inventory:

Hand weapons
 o - a +0 dagger (weapon)
Armour
 a - a +0 robe (worn)
 b - a +0 hat (worn)
Scrolls
 f - a scroll of immolation {unknown}
 j - a scroll of fear {unknown}
 k - 7 scrolls of identify {unknown}
Potions
 e - a potion of beneficial mutation {unknown}
 h - a potion of heal wounds {unknown}
 i - a potion of haste {unknown}
 m - a potion of curing {unknown}
 n - 2 potions of brilliance {unknown}
Books
 c - a book of Minor Magic

   Spells                             Type                      Level
   a - Magic Dart                     Conjuration                  1
   b - Blink                          Translocation                2
   c - Call Imp                       Summoning                    2
   d - Repel Missiles                 Charms/Air                   2
   e - Slow                           Hexes                        2
   f - Conjure Flame                  Conjuration/Fire             3
   g - Mephitic Cloud                 Conjuration/Poison/Air       3
Comestibles
 d - 2 bread rations
 l - a fruit


   Skills:
 - Level 1.0 Fighting
 - Level 1.7 Dodging
 - Level 1.7 Stealth
 - Level 3.0 Spellcasting
 + Level 3.2 Conjurations
 - Level 1.0 Summonings
 - Level 0.8 Translocations


You had 3 spell levels left.
You knew the following spells:

 Your Spells              Type           Power        Failure   Level  Hunger
a - Magic Dart            Conj           ###.         4%          1    None
b - Blink                 Tloc           N/A          17%         2    ##.....
c - Call Imp              Summ           #.......     17%         2    ##.....


Dungeon Overview and Level Annotations

Branches:
Dungeon (2/15)

Altars:

Annotations:
D:2 Sigmund


Innate Abilities, Weirdness & Mutations

You have sharp fingernails.
Your flesh is cold resistant.


Message History

Confirm with . or Enter, or press ? or * to list all spells.
A beastly little devil appears in a puff of flame.
Your crimson imp appears confused.
Unknown command.
Your crimson imp easily resists.
Your crimson imp easily resists.
A kobold comes into view. It is wielding a whip.
You see here a bat skeleton.
The magic dart hits your crimson imp. Something hits you. Something hits you.
Sigmund gestures at you while chanting. You resist with significant effort.
Sigmund casts a spell at you. The puff of flame hits you!
* * * LOW HITPOINT WARNING * * *
Sigmund's eyes start glowing with a red light.
Sigmund gestures at you while chanting. The magic dart hits you!
You die...

.# #(# #.# #.# .#######.### #s#
#5###### ...........# #.#
#......# .####..###.###
#.#######.####.# .# #..# #...#
#.s@....#.# #.# .# ##.###.#.#
#######.#.# #.# .# #.....#.##
####.#.# #5# .#
###.##...#####s.....# #.# .#
#........@..@...### #.# .#
####...###.###### #s# .## ##.##
#.# #.# ..# #######5####.# #.#
..# #....@.......# #.# ..##
#.#######.#..# #.# ...###.#
#.#..# #.# ..5....#
####.#..###########.#
#..########............s{.....#


You could see Sigmund and a giant cockroach.

Vanquished Creatures
  An adder (D:2)
  A worm (D:2)
  4 giant geckos
  5 goblins
  2 hobgoblins
  4 jackals (D:1)
  2 bats (D:2)
  A giant cockroach (D:2)
  6 kobolds
  5 rats
31 creatures vanquished.

Vanquished Creatures (others)
  A white imp (D:2)
1 creature vanquished.

Grand Total: 32 creatures vanquished

Notes
Turn   | Place    | Note
--------------------------------------------------------------
     0 | D:1      | musteatbrain, the Demonspawn Wizard, began the quest for the Orb.
     0 | D:1      | Reached XP level 1. HP: 13/13 MP: 4/4
   493 | D:1      | Gained mutation: Your flesh is cold resistant. [demonic ancestry]
   493 | D:1      | Reached XP level 2. HP: 20/20 MP: 1/6
   546 | D:1      | Reached skill level 1 in Fighting
  1119 | D:2      | Learned a level 2 spell: Blink
  1122 | D:2      | Learned a level 2 spell: Call Imp
  1376 | D:2      | Gained mutation: You have sharp fingernails. [demonic ancestry]
  1376 | D:2      | Reached XP level 3. HP: 4/26 MP: 0/7
  2235 | D:2      | Noticed Sigmund
  2377 | D:2      | Killed from afar by Sigmund

Action                   || total
-------------------------++-------
Melee: Club              ||    44
       Unarmed           ||     6
       Dagger            ||    27
 Cast: Magic Dart        ||    76
       Call Imp          ||     5
 Stab: Sleeping          ||     1
  Eat: Bread ration      ||     1
